[ PARTIDA AOE2 · #493831220 ]
UnrankedPolacos vs Khitans
Equipo del jugador · DERR
Equipo rival · VICT
[ ANÁLISIS DE REPETICIÓN · EXTRAÍDO DE LA PARTIDA GRABADA ]
Feudal
8:54
Castillos
29:05
Imperial
—
| APM promedio | 58.3 |
| APM pico | 114 |
| eAPM promedio | 27.0 |
| Aldeanos / militares | 114 / 61 |
Foco
⚔️ 45.0% · 🌾 55.0%
Spearman ×29 · Skirmisher ×25 · Knight ×7
Feudal
9:17
Castillos
29:57
Imperial
—
| APM promedio | 54.1 |
| APM pico | 79 |
| eAPM promedio | 20.8 |
| Aldeanos / militares | 71 / 56 |
Foco
⚔️ 31.1% · 🌾 68.9%
Scout Cavalry ×32 · Skirmisher ×15 · Steppe Lancer ×5 · Spearman ×4 · Unknown (1920) ×3
Mapa de la partida
Recursos iniciales + cada clic de construcción. Líneas = muros · curvas = relieve. ◆ oro · ⬟ piedra · ● bayas · ✦ reliquia · ◌ hueco del cierre
Tu base· Abierta — flanco sin cerrar
Base de Multimorbid· Abierta — hueco de 1t
Terreno inicial suavizado · ◌ = hueco del cierre detectado · pasá el cursor para detalles
Inputs por minuto
— jekyll - - Multimorbid
Build order — jekyll
Primeras 150 de 271 acciones detectadas
| 0:01 | Crear | Villager (Male) |
| 0:02 | Crear | Villager (Male) |
| 0:02 | Crear | Villager (Male) |
| 0:02 | Crear | Villager (Male) |
| 0:02 | Crear | Villager (Male) |
| 0:04 | Construir | House |
| 0:05 | Construir | House |
| 1:29 | Crear | Villager (Male) |
| 1:30 | Crear | Villager (Male) |
| 1:58 | Crear | Villager (Male) |
| 1:59 | Crear | Villager (Male) |
| 2:20 | Crear | Villager (Male) |
| 2:20 | Crear | Villager (Male) |
| 2:26 | Construir | Mill |
| 2:46 | Crear | Villager (Male) |
| 2:46 | Crear | Villager (Male) |
| 3:02 | Crear | Villager (Male) |
| 3:02 | Crear | Villager (Male) |
| 3:35 | Crear | Villager (Male) |
| 3:35 | Crear | Villager (Male) |
| 3:55 | Crear | Villager (Male) |
| 3:55 | Crear | Villager (Male) |
| 4:17 | Construir | Lumber Camp |
| 4:23 | Crear | Villager (Male) |
| 4:23 | Crear | Villager (Male) |
| 4:58 | Crear | Villager (Male) |
| 4:58 | Crear | Villager (Male) |
| 4:59 | Crear | Villager (Male) |
| 5:03 | Crear | Villager (Male) |
| 5:03 | Crear | Villager (Male) |
| 5:46 | Crear | Villager (Male) |
| 6:12 | Investigar | Loom |
| 6:44 | Investigar | Feudal Age |
| 6:57 | Construir | House |
| 7:33 | Crear | Villager (Male) |
| 8:38 | Construir | Barracks |
| 8:54 | Edad | Edad Feudal |
| 9:08 | Investigar | Double-Bit Axe |
| 9:11 | Crear | Spearman |
| 9:16 | Crear | Villager (Male) |
| 9:25 | Construir | Watch Tower |
| 9:53 | Construir | Farm |
| 9:59 | Construir | Palisade Wall |
| 10:00 | Construir | Palisade Wall |
| 10:01 | Construir | Palisade Wall |
| 10:06 | Crear | Villager (Male) |
| 10:06 | Crear | Villager (Male) |
| 10:26 | Crear | Spearman |
| 10:26 | Crear | Spearman |
| 10:27 | Crear | Spearman |
| 10:35 | Construir | Archery Range |
| 10:57 | Crear | Villager (Male) |
| 10:58 | Crear | Villager (Male) |
| 11:16 | Crear | Villager (Male) |
| 11:16 | Crear | Villager (Male) |
| 11:16 | Crear | Villager (Male) |
| 11:20 | Construir | Farm |
| 11:20 | Construir | Farm |
| 11:21 | Construir | Farm |
| 11:21 | Construir | Farm |
| 11:21 | Construir | Farm |
| 11:43 | Crear | Skirmisher |
| 11:43 | Crear | Skirmisher |
| 11:46 | Crear | Skirmisher |
| 11:46 | Crear | Skirmisher |
| 11:46 | Crear | Skirmisher |
| 11:59 | Crear | Villager (Male) |
| 12:00 | Crear | Villager (Male) |
| 12:05 | Construir | House |
| 12:23 | Crear | Villager (Male) |
| 12:23 | Crear | Villager (Male) |
| 12:23 | Crear | Villager (Male) |
| 12:44 | Crear | Skirmisher |
| 12:44 | Crear | Villager (Male) |
| 12:44 | Crear | Villager (Male) |
| 12:52 | Crear | Spearman |
| 12:52 | Crear | Spearman |
| 12:53 | Crear | Spearman |
| 13:10 | Crear | Villager (Male) |
| 13:10 | Crear | Villager (Male) |
| 13:10 | Crear | Villager (Male) |
| 13:19 | Crear | Villager (Male) |
| 13:19 | Crear | Villager (Male) |
| 13:19 | Crear | Villager (Male) |
| 13:20 | Crear | Villager (Male) |
| 13:23 | Construir | House |
| 13:53 | Construir | Lumber Camp |
| 13:55 | Investigar | Horse Collar |
| 13:56 | Investigar | Horse Collar |
| 13:56 | Investigar | Horse Collar |
| 14:08 | Crear | Villager (Male) |
| 14:08 | Crear | Villager (Male) |
| 14:08 | Crear | Villager (Male) |
| 14:08 | Crear | Villager (Male) |
| 14:14 | Construir | Archery Range |
| 14:20 | Crear | Villager (Male) |
| 14:20 | Crear | Villager (Male) |
| 14:20 | Crear | Villager (Male) |
| 14:24 | Construir | House |
| 14:26 | Construir | House |
| 14:37 | Crear | Skirmisher |
| 14:38 | Crear | Skirmisher |
| 14:38 | Crear | Skirmisher |
| 15:00 | Investigar | Town Watch |
| 15:00 | Investigar | Town Watch |
| 15:18 | Construir | House |
| 15:22 | Crear | Skirmisher |
| 15:23 | Crear | Skirmisher |
| 15:24 | Crear | Skirmisher |
| 15:46 | Crear | Villager (Male) |
| 16:01 | Crear | Skirmisher |
| 16:02 | Crear | Skirmisher |
| 16:04 | Crear | Villager (Male) |
| 16:05 | Crear | Villager (Male) |
| 16:06 | Construir | Blacksmith |
| 16:19 | Crear | Skirmisher |
| 16:24 | Crear | Villager (Male) |
| 16:48 | Construir | House |
| 16:51 | Investigar | Fletching |
| 16:51 | Investigar | Fletching |
| 16:51 | Investigar | Fletching |
| 16:52 | Crear | Villager (Male) |
| 16:53 | Crear | Villager (Male) |
| 16:53 | Crear | Villager (Male) |
| 16:59 | Construir | Mill |
| 17:21 | Construir | Outpost |
| 17:23 | Crear | Villager (Male) |
| 17:23 | Crear | Villager (Male) |
| 17:24 | Crear | Villager (Male) |
| 17:29 | Crear | Villager (Male) |
| 17:29 | Crear | Villager (Male) |
| 17:32 | Construir | Barracks |
| 17:46 | Crear | Villager (Male) |
| 17:46 | Crear | Villager (Male) |
| 17:46 | Crear | Villager (Male) |
| 18:49 | Crear | Villager (Male) |
| 18:51 | Crear | Spearman |
| 18:52 | Crear | Spearman |
| 18:52 | Crear | Spearman |
| 18:52 | Crear | Spearman |
| 18:52 | Crear | Spearman |
| 19:34 | Crear | Skirmisher |
| 19:34 | Crear | Skirmisher |
| 19:34 | Crear | Skirmisher |
| 19:34 | Crear | Skirmisher |
| 20:00 | Crear | Villager (Male) |
| 20:00 | Crear | Villager (Male) |
| 20:00 | Crear | Villager (Male) |
| 20:05 | Construir | Farm |
| 20:05 | Construir | Farm |
Build order — Multimorbid
Primeras 150 de 208 acciones detectadas
| 0:00 | Crear | Villager (Male) |
| 0:01 | Crear | Villager (Male) |
| 0:02 | Construir | House |
| 0:04 | Construir | House |
| 0:06 | Crear | Villager (Male) |
| 0:06 | Crear | Villager (Male) |
| 0:07 | Crear | Villager (Male) |
| 1:22 | Crear | Villager (Male) |
| 1:59 | Crear | Villager (Male) |
| 1:59 | Crear | Villager (Male) |
| 2:05 | Construir | Lumber Camp |
| 2:12 | Crear | Villager (Male) |
| 2:44 | Crear | Villager (Male) |
| 3:01 | Crear | Villager (Male) |
| 3:01 | Crear | Villager (Male) |
| 3:44 | Crear | Villager (Male) |
| 3:49 | Construir | House |
| 3:51 | Crear | Villager (Male) |
| 4:33 | Crear | Villager (Male) |
| 4:43 | Construir | Mill |
| 4:45 | Crear | Villager (Male) |
| 4:59 | Crear | Villager (Male) |
| 5:00 | Crear | Villager (Male) |
| 5:48 | Construir | House |
| 6:17 | Crear | Villager (Male) |
| 6:18 | Investigar | Loom |
| 6:59 | Investigar | Feudal Age |
| 6:59 | Investigar | Feudal Age |
| 7:50 | Construir | Barracks |
| 9:11 | Crear | Villager (Male) |
| 9:17 | Edad | Edad Feudal |
| 9:24 | Construir | Stable |
| 9:24 | Crear | Spearman |
| 9:36 | Investigar | Double-Bit Axe |
| 9:37 | Crear | Villager (Male) |
| 9:55 | Crear | Villager (Male) |
| 10:03 | Crear | Spearman |
| 10:23 | Crear | Villager (Male) |
| 10:30 | Crear | Villager (Male) |
| 10:31 | Crear | Scout Cavalry |
| 10:34 | Construir | House |
| 10:59 | Construir | Palisade Wall |
| 11:00 | Construir | Palisade Wall |
| 11:02 | Construir | Palisade Wall |
| 11:04 | Construir | Palisade Wall |
| 11:06 | Construir | Palisade Wall |
| 11:07 | Construir | Palisade Wall |
| 11:07 | Construir | Palisade Wall |
| 11:12 | Crear | Villager (Male) |
| 11:23 | Construir | Pasture |
| 11:40 | Crear | Villager (Male) |
| 12:14 | Construir | Palisade Wall |
| 12:21 | Crear | Villager (Male) |
| 12:27 | Construir | Pasture |
| 12:54 | Construir | Archery Range |
| 12:58 | Construir | House |
| 13:15 | Crear | Villager (Male) |
| 13:18 | Crear | Scout Cavalry |
| 13:32 | Crear | Villager (Male) |
| 13:34 | Construir | Pasture |
| 13:49 | Construir | Palisade Wall |
| 13:57 | Crear | Villager (Male) |
| 14:11 | Crear | Skirmisher |
| 14:11 | Crear | Skirmisher |
| 14:13 | Construir | House |
| 14:16 | Crear | Villager (Male) |
| 14:26 | Crear | Scout Cavalry |
| 14:35 | Crear | Spearman |
| 14:45 | Crear | Villager (Male) |
| 14:46 | Crear | Skirmisher |
| 14:50 | Crear | Villager (Male) |
| 15:02 | Construir | House |
| 15:09 | Construir | House |
| 15:15 | Construir | House |
| 15:18 | Crear | Skirmisher |
| 15:34 | Construir | Mill |
| 15:35 | Crear | Villager (Male) |
| 15:41 | Investigar | Tech 1014 |
| 15:41 | Investigar | Tech 1014 |
| 15:52 | Construir | Palisade Wall |
| 15:54 | Construir | Mining Camp |
| 15:57 | Crear | Villager (Male) |
| 16:00 | Construir | Lumber Camp |
| 16:21 | Crear | Villager (Male) |
| 16:26 | Crear | Scout Cavalry |
| 16:33 | Crear | Skirmisher |
| 16:34 | Crear | Villager (Male) |
| 16:38 | Construir | Blacksmith |
| 16:47 | Crear | Scout Cavalry |
| 17:05 | Investigar | Forging |
| 17:22 | Construir | Pasture |
| 17:25 | Crear | Villager (Male) |
| 17:45 | Investigar | Scale Barding Armor |
| 17:45 | Investigar | Scale Barding Armor |
| 18:08 | Crear | Scout Cavalry |
| 18:14 | Crear | Villager (Male) |
| 18:26 | Crear | Villager (Male) |
| 18:46 | Crear | Villager (Male) |
| 18:47 | Construir | Pasture |
| 18:57 | Crear | Scout Cavalry |
| 18:58 | Crear | Scout Cavalry |
| 18:59 | Crear | Villager (Male) |
| 19:06 | Construir | Pasture |
| 19:15 | Construir | Pasture |
| 19:30 | Crear | Scout Cavalry |
| 19:34 | Construir | Pasture |
| 19:36 | Crear | Villager (Male) |
| 19:50 | Crear | Scout Cavalry |
| 19:56 | Crear | Villager (Male) |
| 20:00 | Crear | Skirmisher |
| 20:01 | Crear | Skirmisher |
| 20:18 | Crear | Scout Cavalry |
| 20:20 | Crear | Skirmisher |
| 20:34 | Crear | Villager (Male) |
| 20:38 | Crear | Scout Cavalry |
| 20:41 | Crear | Villager (Male) |
| 20:50 | Construir | Watch Tower |
| 20:57 | Crear | Scout Cavalry |
| 20:58 | Crear | Skirmisher |
| 20:58 | Crear | Skirmisher |
| 20:58 | Crear | Skirmisher |
| 21:04 | Construir | Watch Tower |
| 21:10 | Crear | Spearman |
| 21:15 | Crear | Villager (Male) |
| 21:18 | Construir | Mining Camp |
| 21:20 | Construir | House |
| 21:34 | Crear | Skirmisher |
| 21:34 | Crear | Skirmisher |
| 21:37 | Crear | Villager (Male) |
| 21:54 | Construir | House |
| 22:04 | Construir | House |
| 22:10 | Crear | Skirmisher |
| 22:13 | Crear | Villager (Male) |
| 22:30 | Investigar | Fletching |
| 22:36 | Construir | House |
| 22:37 | Construir | House |
| 22:38 | Crear | Villager (Male) |
| 22:58 | Crear | Scout Cavalry |
| 23:20 | Crear | Villager (Male) |
| 23:34 | Crear | Scout Cavalry |
| 23:35 | Crear | Scout Cavalry |
| 23:35 | Crear | Scout Cavalry |
| 23:40 | Crear | Villager (Male) |
| 23:42 | Crear | Skirmisher |
| 23:44 | Construir | Mining Camp |
| 23:44 | Crear | Villager (Male) |
| 24:14 | Construir | Stable |
| 24:19 | Construir | Watch Tower |
| 24:32 | Construir | Pasture |
| 24:34 | Crear | Villager (Male) |
Cronología de la partida
| 7:50 | Multimorbid · first_building Barracks |
| 8:38 | jekyll · first_building Barracks |
| 8:54 | jekyll · age_up feudal |
| 9:17 | Multimorbid · age_up feudal |
| 9:24 | Multimorbid · first_building Stable |
| 9:59 | jekyll · wall_segment Palisade Wall x1 |
| 10:00 | jekyll · wall_segment Palisade Wall x1 |
| 10:01 | jekyll · wall_segment Palisade Wall x1 |
| 10:35 | jekyll · first_building Archery Range |
| 10:59 | Multimorbid · wall_segment Palisade Wall x2 |
| 11:00 | Multimorbid · wall_segment Palisade Wall x1 |
| 11:02 | Multimorbid · wall_segment Palisade Wall x3 |
| 11:04 | Multimorbid · wall_segment Palisade Wall x4 |
| 11:06 | Multimorbid · wall_segment Palisade Wall x3 |
| 11:07 | Multimorbid · wall_segment Palisade Wall x1 |
| 11:07 | Multimorbid · wall_segment Palisade Wall x1 |
| 12:14 | Multimorbid · wall_segment Palisade Wall x1 |
| 12:54 | Multimorbid · first_building Archery Range |
| 13:49 | Multimorbid · wall_segment Palisade Wall x3 |
| 15:52 | Multimorbid · wall_segment Palisade Wall x1 |
| 21:58 | jekyll · wall_segment Palisade Wall x1 |
| 25:39 | jekyll · first_market_buy 100 stone |
| 26:11 | jekyll · first_market_sell 100 wood |
| 26:30 | jekyll · wall_segment Palisade Wall x3 |
| 26:43 | jekyll · wall_segment Palisade Wall x1 |
| 26:44 | jekyll · wall_segment Palisade Wall x1 |
| 27:15 | jekyll · wall_segment Palisade Wall x3 |
| 27:23 | jekyll · first_building Stable |
| 29:05 | jekyll · age_up castle |
| 29:22 | Multimorbid · first_market_sell 100 stone |
| 29:45 | jekyll · wall_segment Palisade Wall x1 |
| 29:46 | jekyll · wall_segment Palisade Wall x1 |
| 29:57 | Multimorbid · age_up castle |
| 30:45 | Multimorbid · first_building Monastery |
| 30:47 | Multimorbid · first_market_buy 100 stone |
| 30:54 | Multimorbid · first_building Castle |
| 34:24 | jekyll · resign |
[ ANÁLISIS IA · 1 CRÉDITO ]
¿Qué pasó realmente en esta partida?
Wolo.gg analiza cada decisión: build order, eco, micro, errores típicos por bracket. Análisis personalizado por WhatsApp o Discord en 30 segundos.
Guía civ
Polacos
Perfil
VL BlackAmaru